 Dungeon Crawl Stone Soup version 0.31.0-11-ge490571c62 (webtiles) character file.

Game seed: 5044085542087523182

57 dialectric the Covered (level 4, -1/29 HPs)
             Began as a Gargoyle Fighter on Jan 28, 2024.
             Was a Believer of Makhleb.
             Incinerated by a bombardier beetle (4 damage)
             ... with a burning spray
             ... on level 3 of the Dungeon.
             The game lasted 00:02:03 (1256 turns).

dialectric the Covered (Gargoyle Fighter)           Turns: 1256, Time: 00:02:03

Health: -1/29      AC: 17    Str: 17    XL:     4   Next: 0%
Magic:  4/4        EV:  9    Int:  9    God:    Makhleb [**....]
Gold:   49         SH:  0    Dex: 13    Spells: 3/3 levels left

rFire   . . .        a - +0 flail
rCold   . . .        (no shield)
rNeg    + . .        b - +0 scale mail
rPois   ∞            (no helmet)
rElec   +            (no cloak)
rCorr   .            (no gloves)
SInv    .            m - +2 pair of boots
Will    .....        (no amulet)
Stlth   +            h - +4 ring of protection
HPRegen 0.24/turn    (no ring)
MPRegen 0.09/turn

%: no passive effects
@: mighty, on fire, glowing
A: sickness immunity, AC +3, negative energy resistance 1, electricity
resistance, torment resistance 1, petrification resistance, hooves 1, thin
skeletal structure 1, weak 1
a: Renounce Religion, Minor Destruction


You were on level 3 of the Dungeon.
You worshipped Makhleb.
Makhleb was pleased with you.
You visited 1 branch of the dungeon, and saw 3 of its levels.

You collected 49 gold pieces.

Inventory:

Hand Weapons
 a - a +0 flail (weapon)
Armour
 b - a +0 scale mail (worn)
 c - a +0 buckler
 m - a +2 pair of boots (worn)
Jewellery
 h - a +4 ring of protection (left hand)
 n - a ring of fire
Scrolls
 e - a scroll of enchant weapon {unknown}
 f - a scroll of noise {unknown}
 g - 3 scrolls of identify {unknown}
 l - a scroll of vulnerability {unknown}
 o - a scroll of teleportation {unknown}
Potions
 d - a potion of might
 k - a potion of mutation


   Skills:
 + Level 3.6 Fighting
 + Level 2.6 Maces & Flails
 + Level 3.7 Armour
 * Level 1.2 Dodging
 + Level 3.5 Shields


You had 3 spell levels left.
You didn't know any spells.
Your spell library contained the following spells:

 Spells                   Type           Power      Damage    Failure   Level
 Necrotise                Necr           0%         1d4       78%         1
 Vampiric Draining        Necr           0%         2d6       98%         3
 Martyr's Knell           Necr/Summ      0%         N/A       100%        4
 Curse of Agony           Necr           0%         N/A       100%        5


Dungeon Overview and Level Annotations

Branches:
Dungeon (3/15)

Altars:
Makhleb
Wu Jian

Shops:
D:1 (

Annotations:
D:2 Terence


Innate Abilities, Weirdness & Mutations

You are immune to sickness and miasma.
Your stone body is resilient. (AC +3)
You are immune to poison.
You resist negative energy. (rN+)
You are resistant to electric shocks. (rElec)
You are resistant to unholy torment.
You are immune to petrification.
You have large cloven feet.
You have a somewhat thin skeletal structure. (Dex +2, Stealth+)
You are weak. (Str -2)


Message History

Found an ornate altar of the Wu Jian Council.
There is an open door here.
You don't know any spells.
Your transformation is almost over.
It was a potion of mutation.
You feel extremely strange.
Your bones become slightly less dense.
You feel weaker.
Your feet thicken and deform.
Unknown command.
It was a potion of lignification.
You feel woody for a moment.
Okay, then.
It was a potion of curing.
You feel better.
Unknown command.
You start resting.
You feel less batty.
Your +0 flail unmelds from your body.
Your +2 pair of boots unmelds from your body.
Your +0 scale mail unmelds from your body.
Your +4 ring of protection unmelds from your body.
You start resting.
An orc is nearby!
An orc is nearby!
The bombardier beetle sprays incendiary fluid at you.
The burning spray hits you.
You are covered in liquid fire!
The orc priest looks satisfied for a moment.
You shake off some of the fire as you move.
The liquid fire burns you! The orc attacks as it pursues you!
The orc hits you but does no damage.
You are too injured to fight recklessly!
You closely miss the orc. The liquid fire burns you!
* * * LOW HITPOINT WARNING * * *
The orc hits you but does no damage.
You closely miss the orc. The liquid fire burns you!
* * * LOW HITPOINT WARNING * * *
The orc hits you but does no damage.
You feel very mighty all of a sudden. The liquid fire burns you!
You die...

##.## #.#####...##
...........#
.#####.##o######
#.#...#...#
#.#..B...8#
#.#.8.#.o.# #
#.######.##
##.########o#..@#...#
#.......o..o#._.oB8.#
#.......###.#...#...#
......oo###o#########
#.....ooo...#
#...#######.# ## #.#
#.# #.#


You could see a bombardier beetle and 2 orcs.

Vanquished Creatures
  An adder (D:2)
  3 dart slugs
  An orc (D:3)
  4 bats (D:1)
  3 endoplasms (D:1)
  4 giant cockroaches
  2 goblins
  3 hobgoblins
  2 jackals (D:3)
  2 quokkas (D:2)
  4 ball pythons
  2 frilled lizards
  5 kobolds
  2 rats
38 creatures vanquished.

Notes
Turn   | Place    | Note
-------+----------+-------------------------------------------
     0 | D:1      | dialectric the Gargoyle Fighter began the quest for the
                  | Orb.
     0 | D:1      | Reached XP level 1. HP: 14/14 MP: 1/1
   158 | D:1      | Reached XP level 2. HP: 19/19 MP: 2/2
   228 | D:1      | Found Lergh's Weapon Shoppe.
   251 | D:1      | Found a faded altar of an unknown god.
   276 | D:1      | Prayed at the altar of an unknown god.
   276 | D:1      | Became a worshipper of Makhleb the Destroyer
   276 | D:1      | Reached * piety under Makhleb
   693 | D:1      | Reached XP level 3. HP: 23/23 MP: 3/3
  1011 | D:2      | Identified the +1 robe of Mezcal {rPois MP+9 Stlth+
                  | Archmagi}
  1045 | D:2      | Reached skill level 1 in Dodging
  1122 | D:2      | Noticed Terence
  1123 | D:2      | Reached ** piety under Makhleb
  1183 | D:3      | Reached XP level 4. HP: 29/29 MP: 4/4
  1234 | D:3      | Found an ornate altar of the Wu Jian Council.
  1244 | D:3      | Gained mutation: You have a somewhat thin skeletal
                  | structure. (Dex +2, Stealth+) [potion of mutation]
  1244 | D:3      | Gained mutation: You are weak. (Str -2) [potion of
                  | mutation]
  1244 | D:3      | Gained mutation: You have large cloven feet. [potion of
                  | mutation]
  1256 | D:3      | Incinerated by a bombardier beetle

Illustrated notes

Levels and vault maps discovered:
D:1:      dpeg_arrival_pits, layout_basic, serial_shops,
          nicolae_shop_bloodbath_and_beyond,
          hellmonk_ecumenical_altar_arch_garden, dk_noncrumbling_4
D:2:      layout_rooms, chequers_arboretum, minmay_misc_feat_tiny, uniq_terence
D:3:      minmay_spotlight, layout_loops_ring,
          nicolae_wu_jian_immortal_techniques, chequers_jeans, uniq_grinder,
          uniq_natasha

Skill      XL: |  1  2  3 |
---------------+----------+-----
Dodging        | 1 |  1.2
Fighting       | |  3.6
Maces & Flails | |  2.6
Armour         | |  3.7
Shields        | |  3.5

Action                     |  1- 3 |  4- 6 || total
---------------------------+-------+-------++-------
  Melee: Flail             |   118 |     3 ||   121
         Punch             |     2 |       ||     2
         Unarmed           |     1 |       ||     1
    Use: Potion            |       |     4 ||     4
 Armour: Scale mail        |   100 |     5 ||   105
         Skin              |       |     1 ||     1
  Dodge: Dodged            |    77 |     9 ||    86
